 Dungeon Crawl Stone Soup version 0.29.1-15-g9cfb28693d (webtiles) character file.

Game seed: 13485331406503504128

26 tesmudgin the Covered (level 2, 27/27 HPs)
             Began as a Minotaur Fighter on Feb 23, 2023.
             Was a Follower of Makhleb.
             Got out of the dungeon alive.
             The game lasted 00:04:28 (800 turns).

tesmudgin the Covered (Minotaur Fighter)             Turns: 800, Time: 00:04:28

Health: 27/27      AC:  7    Str: 20    XL:     2   Next: 89%
Magic:  1/1        EV:  9    Int:  5    God:    Makhleb [*.....]
Gold:   26         SH:  4    Dex:  9    Spells: 1/1 levels left

rFire   . . .      SeeInvis .   a - +0 war axe
rCold   . . .      Faith    .   c - +0 buckler
rNeg    . . .      Spirit   .   b - +0 scale mail
rPois   .          Reflect  .   (helmet restricted)
rElec   .          Harm     .   (no cloak)
rCorr   .          Rampage  .   (no gloves)
Will    .....                   (no boots)
Stlth   ..........              (no amulet)
HPRegen 0.09/turn               (no ring)
MPRegen 0.07/turn               (no ring)

@: no status effects
A: horns 2, retaliatory headbutt
a: Renounce Religion


You escaped.
You worshipped Makhleb.
Makhleb was aware of your devotion.
You visited 1 branch of the dungeon, and saw 1 of its levels.

You collected 26 gold pieces.

Inventory:

Hand Weapons
 a - a +0 war axe (weapon)
Armour
 b - a +0 scale mail (worn)
 c - a +0 buckler (worn)
Scrolls
 e - a scroll of teleportation {unknown}
 h - a scroll of identify {unknown}
 i - a scroll of poison {unknown}
 j - a scroll of torment {unknown}
Potions
 d - 2 potions of might
 f - a potion of invisibility {unknown}
 g - a potion of heal wounds {unknown}
 k - a potion of lignification {unknown}
 l - a potion of resistance {unknown}


   Skills:
 + Level 3.8 Fighting
 + Level 3.2 Axes
 + Level 4.1 Armour
 + Level 3.9 Shields


You had one spell level left.
You didn't know any spells.
Your spell library was empty.

Dungeon Overview and Level Annotations

Branches:
Dungeon (1/15)

Altars:
Makhleb


Innate Abilities, Weirdness & Mutations

You have a pair of horns on your head.
You reflexively headbutt those who attack you in melee.


Message History

You kill the bat!
Makhleb accepts your kill.
You see here a bat corpse.
You open the door.
There is an open door here.
Things that are here:
a +0 club; a goblin skeleton
Things that are here:
a +0 club; a goblin skeleton You see here a +0 ring mail.
There is an open door here.
You open the door.
There is an open door here.
An endoplasm comes into view.
The endoplasm quivers.
The endoplasm attacks as you move away!
The endoplasm hits you but does no damage.
The endoplasm attacks as you move away! The endoplasm closely misses you.
The endoplasm barely misses you.
You see here 12 gold pieces.
The endoplasm hits you but does no damage.
The endoplasm freezes you.
You are frozen.
You slash the endoplasm!
You kill the endoplasm!
Makhleb accepts your kill.
You now have 26 gold pieces (gained 12).
Things that are here:
a +0 short sword; a stone You see here a +0 dagger.
There is a shaft here.
You enter the shallow water.
Moving in this stuff is going to be slow.
There is a staircase leading out of the dungeon here.
You can't go down here!
You can't go up here!
You can't go down here!
There is a staircase leading out of the dungeon here.
Are you sure you want to leave the Dungeon?
This will make you lose the game!
You have escaped!

#....#..[......# #.
#...##########.# #.
##...#....#####.###### #.
#...##....#~~~♣~♣~~~~# ####.
##...##.##.#~.....P..~# #....
#....#...[.#~....PPP.~# ####....
#.....#....#~.....P..~# #.......
#_....#....#♣.......♣♣####.##....
#...........~...@...........#....
#......#####♣.......♣♣#.##.##....
##.....### #~.♣...P..~#.##.##....
#....#'.# #~♣♣♣.PPP.~#.##.##....
##...##.# #~.♣...P..~#.##.##..).
#...##.# #~~~♣~♣~~~~#....##..).
##...#.#######.######.#..##....
#...##...............#..####..
#....######......###.#..####.#


There were no monsters in sight!

Vanquished Creatures
  2 ball pythons (D:1)
  A bat (D:1)
  2 endoplasms (D:1)
  2 goblins (D:1)
  3 hobgoblins (D:1)
  4 jackals (D:1)
  A quokka (D:1)
  2 frilled lizards (D:1)
  2 kobolds (D:1)
  4 rats (D:1)
23 creatures vanquished.

Vanquished Creatures (others)
  5 toadstools (D:1)
5 creatures vanquished.

Grand Total: 28 creatures vanquished

Notes
Turn   | Place    | Note
-------+----------+-------------------------------------------
     0 | D:1      | tesmudgin the Minotaur Fighter began the quest for the Orb.
     0 | D:1      | Reached XP level 1. HP: 19/19 MP: 0/0
    11 | D:1      | Found a faded altar of an unknown god.
    20 | D:1      | Prayed at the altar of an unknown god.
    20 | D:1      | Became a worshipper of Makhleb the Destroyer
    20 | D:1      | Reached * piety under Makhleb
   183 | D:1      | Reached skill level 4 in Armour
   189 | D:1      | Reached XP level 2. HP: 27/27 MP: 1/1
   800 | D:$      | Got out of the dungeon alive.

Illustrated notes

Levels and vault maps discovered:
D:1:      ldierk_walled_garden, layout_basic, hellmonk_ecumenical_altar_zigzags

Skill      XL: |  1  2 |
---------------+-------+-----
Armour         | 4 |  4.1
Axes           | 3 |  3.2
Fighting       | |  3.8
Shields        | |  3.9

Action                   || total
-------------------------++-------
Melee: War axe           ||    31
       Headbutt          ||     6
Armor: Scale mail        ||    24
Dodge: Dodged            ||    23
Block: Buckler           ||    10
